 Dungeon Crawl Stone Soup version 0.23.2-30-g0e89c35 (webtiles) character file.

Game seed: 7847844813803392955

239 Fortress the Firebug (level 5, -4/38 HPs)
             Began as a Draconian Fire Elementalist on June 24, 2019.
             Killed from afar by an orc wizard (7 damage)
             ... with a puff of flame
             ... on level 3 of the Dungeon.
             The game lasted 00:14:34 (3575 turns).

Fortress the Firebug (Draconian Fire Elementalist)  Turns: 3575, Time: 00:14:35

Health: -4/38      AC:  5    Str: 10    XL:     5   Next: 79%
Magic:  10/10      EV: 12    Int: 19    God:
Gold:   200        SH:  0    Dex: 13    Spells: 10/11 levels left

rFire    . . .     SeeInvis .   m - +0 short sword
rCold    . . .     Gourm    .   (no shield)
rNeg     . . .     Faith    .   (armour unavailable)
rPois    .         Spirit   .   (helmet restricted)
rElec    .         Reflect  .   (no cloak)
rCorr    .         Harm     .   (no gloves)
MR       .....                  (no boots)
Stlth    ++........             (no amulet)
HPRegen  0.12/turn              (no ring)
MPRegen  0.12/turn              (no ring)

@: no status effects
A: unfitting armour, agile 1, clever 1, evolution 1, cold-blooded, AC +5
a: no special abilities


You were on level 3 of the Dungeon.
You were hungry.

You visited 1 branch of the dungeon, and saw 4 of its levels.

You collected 200 gold pieces.

Inventory:

Hand Weapons
 a - a +0 dagger
 m - a +0 short sword (weapon)
 r - a +0 blowgun
Missiles
 c - 105 stones (quivered)
 p - 13 poisoned needles
Armour
 g - a +1 shield
Jewellery
 k - an uncursed ring of fire {unknown}
Wands
 d - a wand of paralysis (9)
Scrolls
 f - 3 scrolls of identify
 h - 2 scrolls of magic mapping
 i - a scroll of enchant armour
 o - a scroll of noise
Potions
 l - 3 potions of brilliance
 n - a potion of magic
Comestibles
 b - 5 rations


   Skills:
 - Level 2.2 Dodging
 - Level 2.1 Stealth
 + Level 3.6 Spellcasting
 + Level 2.8 Conjurations
 + Level 4.4 Fire Magic


You had 10 spell levels left.
You knew the following spells:

 Your Spells              Type           Power        Failure   Level  Hunger
a - Flame Tongue          Conj/Fire      ###..        3%          1    None

Your spell library contained the following spells:

 Spells                   Type           Power        Failure   Level  Hunger
 Magic Dart               Conj           ##..         4%          1    None
 Throw Flame              Conj/Fire      ###...       4%          2    ##.....
 Conjure Flame            Conj/Fire      ###.....     10%         3    ###....
 Inner Flame              Hex/Fire       ##......     17%         3    ###....
 Blink                    Tloc           N/A          22%         2    ##.....
 Call Imp                 Summ           #.......     22%         2    ##.....
 Slow                     Hex            #.......     22%         2    ##.....
 Mephitic Cloud           Conj/Pois/Air  #.......     28%         3    ###....
 Sticky Flame             Conj/Fire      ###.....     32%         4    ####...
 Fireball                 Conj/Fire      ###.......   65%         5    ######.


Dungeon Overview and Level Annotations

Branches:
Dungeon (4/15)
 Temple: D:4-7

Altars:

Annotations:
D:3 exclusion: sky beast


Innate Abilities, Weirdness & Mutations

Your plain brown scales are hard. (AC +5)
You cannot fit into any form of body armour.
You are cold-blooded and may be slowed by cold attacks.
You are agile. (Dex +2)
Your mind is acute. (Int +2)
You evolve.


Message History

A puff of frost appears from out of thin air!
The puff of frost hits something!
Reactivating autopickup.
You hear some strange, mumbled words.
A puff of flame appears from out of thin air!
Deactivating autopickup; reactivate with Ctrl-A.
The puff of flame misses you.
A puff of flame appears from out of thin air!
The puff of flame misses you. Something hits you but does no damage.
There is a stone staircase leading up here.
You climb upwards.
Level annotation: exclusion: sky beast Reactivating autopickup.
There is a stone staircase leading down here.
You hear some strange, mumbled words.
A puff of flame appears from out of thin air!
Deactivating autopickup; reactivate with Ctrl-A.
The puff of flame hits you!
You die...

#.# #.# #.#
#######.##########
#.# #.#
..........÷......#
#.# #.#
################.#
#.# #.# # #.# #.#
#.# # #÷#
#.#######.# ####
#.# #.........#
...#
#.#######.#####
##.# #@##......#
#.# #>##.######
#.# #.##.# #.#
#.##.# #.# #.##.#
#.# #.##.# #.#
#.##.# ##.#######
#.##.# #........#
#.##.#


There were no monsters in sight!

Vanquished Creatures
  An ice beast (D:2)
  An iguana (D:2)
  3 adders
  3 worms
  4 dart slugs
  5 leopard geckos
  4 orcs
  5 giant cockroaches
  7 goblins
  A hobgoblin (D:3)
  5 jackals
  8 kobolds
  A ball python (D:1)
  11 bats
  11 frilled lizards
  8 rats
78 creatures vanquished.

Vanquished Creatures (others)
  An orc wizard (D:4)
1 creature vanquished.

Grand Total: 79 creatures vanquished

Notes
Turn   | Place    | Note
-------+----------+-------------------------------------------
     0 | D:1      | Fortress the Draconian Fire Elementalist began the quest
                  | for the Orb.
     0 | D:1      | Reached XP level 1. HP: 14/14 MP: 3/3
   362 | D:1      | Reached XP level 2. HP: 19/20 MP: 0/5
  1250 | D:2      | Reached XP level 3. HP: 26/26 MP: 4/6
  1882 | D:2      | Noticed an ice beast
  1892 | D:2      | Killed an ice beast
  1892 | D:2      | Reached skill level 4 in Fire Magic
  1892 | D:2      | Reached XP level 4. HP: 13/33 MP: 0/8
  2086 | D:2      | Reached XP level 5. HP: 38/38 MP: 6/9
  3059 | D:3      | Noticed a sky beast
  3558 | D:4      | HP: 1/38 [something/puff of frost (11)]
  3560 | D:4      | Gained mutation: You are agile. (Dex +2) [potion of
                  | mutation]
  3560 | D:4      | Gained mutation: You evolve. [potion of mutation]
  3560 | D:4      | Gained mutation: Your mind is acute. (Int +2) [potion of
                  | mutation]
  3575 | D:3      | Killed from afar by an orc wizard

Skill      XL: |  1  2  3 |
---------------+----------+-----
Dodging        | 2 |  2.2
Stealth        | 2 |  2.1
Spellcasting   | 3 |  3.6
Conjurations   | 2 |  2.8
Fire Magic     | 4 |  4.4

Action                   |  1- 3 |  4- 6 || total
-------------------------+-------+-------++-------
Melee: Dagger            |    44 |       ||    44
       Tailslap          |     1 |     2 ||     3
       Short sword       |       |    25 ||    25
Throw: Stone             |     1 |       ||     1
 Cast: Flame Tongue      |    64 |    71 ||   135
  Use: Scroll            |       |     7 ||     7
       Potion            |       |     2 ||     2
  Eat: Chunk             |     3 |     5 ||     8
Armor: Skin              |    25 |     5 ||    30
Dodge: Dodged            |    47 |    33 ||    80
